 Dungeon Crawl Stone Soup version 0.32-a0-558-g233958a4c4 (webtiles) character file.

Game seed: 5569692963586914033

63527 whatisthis the Warrior (level 15, -6/158 HPs)
             Began as a Ghoul Gladiator on Feb 29, 2024.
             Was a Believer of Ashenzari.
             Mangled by a goliath frog (9 damage)
             ... on level 1 of the Swamp.
             The game lasted 00:59:23 (18880 turns).

whatisthis the Warrior (Ghoul Gladiator)           Turns: 18880, Time: 00:59:23

Health: -6/158     AC: 17    Str: 31    XL:     15   Next: 10%
Magic:  15/15      EV:  0    Int:  7    God:    Ashenzari [**....]
Gold:   1436       SH:  0    Dex: 10    Spells: 14/14 levels left

rFire   . .          .
                       - Unarmed
rCold   + . .        (no shield)
rNeg    + + +        K - +4 plate armour {Will+}
rPois   ∞            b - +0 helmet "Shattered With Me" {Melee, Fort} (curse)
rElec   .            (no cloak)
rCorr   .            T - +1 pair of gloves of Ashenzari's Fetters {Str+5, Melee, Self} (curse)
SInv    +            L - +0 pair of boots of the Chained Bitterness {Melee, Elem} (curse)
Will    ++...        (no amulet)
Stlth   x              - +4 ring of protection
HPRegen 0.00/turn    k - ring of flight
MPRegen 0.14/turn

%: no passive effects
@: mighty, corroded, flying, inhibited regen, constricted
A: claws 1, cold resistance 1, negative energy resistance 3, inhibited
regeneration, torment resistance 2, devour on kill
a: Renounce Religion, Shatter the Chains


You were on level 1 of the Swamp.
You worshipped Ashenzari.
Ashenzari was pleased with you.
You visited 4 branches of the dungeon, and saw 18 of its levels.
You also visited: Gauntlet.

You collected 1436 gold pieces.

Inventory:

Hand Weapons
 h - a +2 dagger of venom
Missiles
 c - 2 throwing nets
 d - 3 javelins
 o - 51 poisoned darts
 F - 4 silver javelins
 H - 11 boomerangs (quivered)
 V - a curare-tipped dart
Armour
 b - the cursed +0 helmet "Shattered With Me" (worn) {Melee, Fort}

   It has a curse which improves the following skills: Melee Combat: Short
   Blades, Long Blades, Axes, Maces & Flails, Polearms, Staves and Unarmed
   Combat.
   Fortitude: Armour and Shields.
 K - a +4 plate armour of willpower (worn)
 L - the cursed +0 pair of boots of the Chained Bitterness (worn) {Melee, Elem}
   (You found it on level 9 of the Dungeon)

   It has a curse which improves the following skills: Melee Combat: Short
   Blades, Long Blades, Axes, Maces & Flails, Polearms, Staves and Unarmed
   Combat.
   Elements:  Fire Magic, Ice Magic, Air Magic and Earth Magic.
 T - the cursed +1 pair of gloves of Ashenzari's Fetters (worn) {Str+5, Melee, Self}
   (You found it in a Gauntlet)

   Str+5:     It affects your strength (+5).
   It has a curse which improves the following skills: Melee Combat: Short
   Blades, Long Blades, Axes, Maces & Flails, Polearms, Staves and Unarmed
   Combat.
   Introspection: Fighting and Spellcasting.
Jewellery
 f - a ring of ice
 k - a ring of flight (right hand)
 x - a +4 ring of protection (left hand)
 E - a ring of willpower
 G - a ring of resist corrosion
 J - a +4 ring of protection
 O - a +6 ring of strength
 Z - a +5 ring of evasion
Wands
 a - a wand of charming (25)
 i - a wand of mindburst (7)
 n - a wand of polymorph (6)
 P - a wand of flame (12)
 Q - a wand of quicksilver (5)
Scrolls
 l - 2 scrolls of poison
 q - 8 scrolls of immolation
 r - a scroll of enchant armour
 s - 3 scrolls of enchant weapon
 t - a scroll of silence
 y - 5 scrolls of vulnerability
 z - 2 scrolls of revelation
 A - 3 scrolls of teleportation
 D - a scroll of torment
 I - 3 scrolls of fog
 M - 3 scrolls of blinking
 N - 5 scrolls of identify
 R - 4 scrolls of fear
Potions
 e - 5 potions of mutation
 g - 2 potions of enlightenment
 j - 2 potions of brilliance
 m - 7 potions of cancellation
 p - 3 potions of haste
 u - 2 potions of attraction
 v - 2 potions of lignification
 B - 5 potions of curing
 C - a potion of berserk rage
 S - a potion of heal wounds
 W - a potion of invisibility
Miscellaneous
 U - a phantom mirror
 X - a phial of floods
 Y - a box of beasts (inert)


   Skills:
 + Level 20.0(21.0) Fighting
 + Level 2.4 Throwing
 - Level 12.1(13.2) Armour
 - Level 2.6 Dodging
 + Level 17.6(19.7) Unarmed Combat


You had 14 spell levels left.
You didn't know any spells.
Your spell library contained the following spells:

 Spells                   Type           Power      Damage    Failure   Level
 Apportation              Tloc           0%         N/A       95%         1
 Freeze                   Ice            0%         1d3       95%         1
 Magic Dart               Conj           0%         1d3       95%         1
 Necrotise                Necr           0%         1d4       95%         1
 Sandblast                Erth           0%         2d4       95%         1
 Slow                     Hex            0%         N/A       95%         1
 Sting                    Conj/Alch      0%         1d3       95%         1
 Summon Small Mammal      Summ           0%         N/A       95%         1
 Blink                    Tloc           0%         N/A       99%         2
 Call Imp                 Summ           0%         N/A       99%         2
 Cigotuvi's Dreadful Rot  Necr/Alch/Air  0%         N/A       99%         2
 Call Canine Familiar     Summ           0%         N/A       100%        3
 Confusing Touch          Hex            0%         N/A       100%        3
 Dazzling Flash           Conj/Hex       0%         N/A       100%        3
 Frozen Ramparts          Ice            0%         1d1       100%        3
 Hailstorm                Conj/Ice       0%         3d5       100%        3
 Inner Flame              Hex/Fire       0%         N/A       100%        3
 Mephitic Cloud           Conj/Alch/Air  0%         N/A       100%        3
 Passwall                 Erth           0%         N/A       100%        3
 Sigil of Binding         Hex            0%         N/A       100%        3
 Stone Arrow              Conj/Erth      0%         3d7       100%        3
 Summon Ice Beast         Ice/Summ       0%         N/A       100%        3
 Vampiric Draining        Necr           0%         2d6       100%        3
 Animate Armour           Summ/Erth      0%         N/A       100%        4
 Animate Dead             Necr           0%         N/A       100%        4
 Brom's Barrelling Bould  Conj/Erth      0%         2d3       100%        4
 Cause Fear               Hex            0%         N/A       100%        4
 Dispel Undead            Necr           0%         3d6       100%        4
 Leda's Liquefaction      Alch/Erth      0%         N/A       100%        4
 Manifold Assault         Tloc           0%         N/A       100%        4
 Martyr's Knell           Necr/Summ      0%         N/A       100%        4
 Petrify                  Alch/Erth      0%         N/A       100%        4
 Summon Blazeheart Golem  Fire/Summ      0%         N/A       100%        4
 Curse of Agony           Necr           0%         N/A       100%        5
 Fireball                 Conj/Fire      0%         3d3       100%        5
 Irradiate                Conj/Alch      0%         3d11      100%        5
 Metabolic Englaciation   Hex/Ice        0%         N/A       100%        5
 Silence                  Hex/Air        0%         N/A       100%        5
 Death Channel            Necr           0%         N/A       100%        6
 Dispersal                Tloc           0%         N/A       100%        6
 Sculpt Simulacrum        Ice/Alch       0%         N/A       100%        6
 Haunt                    Necr/Summ      0%         N/A       100%        7
 Disjunction              Tloc           0%         N/A       100%        8
 Ignition                 Fire           0%         3d3       100%        8
 Infestation              Necr           0%         N/A       100%        8
 Lehudib's Crystal Spear  Conj/Erth      0%         10d2      100%        8
 Dragon's Call            Summ           0%         N/A       100%        9
 Shatter                  Erth           0%         3d5*      100%        9


Dungeon Overview and Level Annotations

Branches:
Dungeon (11/15)            Temple (1/1) D:6            Lair (5/5) D:10
  Swamp (1/4) Lair:3        Snake (0/4) Lair:2        Slime (0/5) Lair:4
    Orc (0/2) D:9         Gauntlet (visited)

Altars:
Ashenzari
Cheibriados
Dithmenos
Fedhas
Gozag
Hepliaklqana
Kikubaaqudgha
Makhleb
Nemelex Xobeh
Okawaru
Qazlal
Ru
Sif Muna
Trog
Uskayaw
Vehumet
Wu Jian
Xom
Yredelemnul

Shops:
D:4 =   D:9 [(

Annotations:
D:5 Menkaure
D:11 Psyche
Lair:3 exclusion: orange crystal statue
Swamp:1 Nikola


Innate Abilities, Weirdness & Mutations

You are immune to poison.
You have sharp fingernails.
Your flesh is cold resistant. (rC+)
You are immune to negative energy. (rN+++)
You do not regenerate when monsters are visible.
You are immune to unholy pain and torment.
You thrive by killing the living.


Message History

* * * LOW HITPOINT WARNING * * *
Unknown command.
You feel much better.
The goliath frog hits you but does no damage.
Your larval shockox beast bursts into living lightning!
The living lightning hits the swamp worm!
The swamp worm dies!
Your larval shockox beast blinks!
You feel very mighty all of a sudden. The goliath frog closely misses you.
The tentacled monstrosity tentacle-slaps you but does no damage. x2
The tentacled monstrosity barely misses you.
The tentacled monstrosity grabs you.
The tentacled monstrosity constricts you.
* * * LOW HITPOINT WARNING * * *
You pummel the tentacled monstrosity!!
Your punch misses the tentacled monstrosity.
The tentacled monstrosity is moderately wounded.
The goliath frog hits you but does no damage.
The tentacled monstrosity tentacle-slaps you but does no damage. x3
The tentacled monstrosity constricts you.
* * * LOW HITPOINT WARNING * * *
You pummel the tentacled monstrosity!!
The tentacled monstrosity is heavily wounded.
The goliath frog hits you from afar.
* * * LOW HITPOINT WARNING * * *
You are splashed with acid!
* * * LOW HITPOINT WARNING * * *
Unknown command.
You pummel the tentacled monstrosity!! You punch the tentacled monstrosity!!
The tentacled monstrosity is almost dead.
The tentacled monstrosity tentacle-slaps you!
* * * LOW HITPOINT WARNING * * *
The tentacled monstrosity tentacle-slaps you!
* * * LOW HITPOINT WARNING * * *
The tentacled monstrosity tentacle-slaps you but does no damage.
The tentacled monstrosity constricts you.
* * * LOW HITPOINT WARNING * * *
The goliath frog hits you from afar!
You die...

♣♣♣♣♣ ♣♣...♣♣
♣♣~~~..♣♣♣ ♣@.~~~..~♣
♣♣♣†X......♣♣
♣~.F....~~~~♣♣~...~
♣.~~~...~~§.~~♣~..~
♣♣♣.~~~...~~~...@~..~
..~...~~~~~~~~~..~..~
...~..~~~~@~~~§.~~§~~~
~..~♣....~~~~~~$~~~~~~
~..♣♣♣.....~~~~.~~..~~


You could see Nikola, a tentacled monstrosity and a goliath frog.

Vanquished Creatures
  Gastronok (D:8)
  A minotaur (Gauntlet)
  2 hydras
  A ghost crab (Gauntlet)
  4 alligators
  A boulder beetle (Lair:3)
  Erica (D:8)
  3 two-headed ogres
  A hell hog (Lair:5)
  11 death yaks
  A skyshark (Lair:2)
  A goliath frog (Lair:3)
  A necromancer (Gauntlet)
  Pikel (D:7)
  2 wolf spiders (Lair:5)
  A cyclops (D:11)
  12 black mambas
  A guardian serpent (Lair:5)
  3 elephants (Lair:2)
  18 cane toads
  5 komodo dragons
  11 polar bears
  A tyrant leech (Swamp:1)
  Grinder (D:3)
  2 trolls (D:10)
  Prince Ribbit (D:8)
  2 hornets (Lair:5)
  15 blink frogs
  5 dream sheep (Lair:5)
  A raiju (Lair:5)
  10 wyverns
  2 wraiths
  A shadow (D:10)
  59 yaks
  3 basilisks
  4 wargs (Lair:5)
  Eustachio (D:5)
  2 redbacks (Lair:5)
  7 vampire mosquitoes (D:11)
  6 nagas (Lair:2)
  16 hell hounds (Lair:5)
  A swamp worm (Swamp:1)
  21 water moccasins
  A swamp drake (Lair:3)
  6 orc warriors
  14 black bears
  24 wolves
  10 centaurs
  4 lemures (D:7)
  A phantom (D:7)
  3 kobold brigands
  2 gnoll sergeants
  8 bullfrogs
  3 scorpions
  15 wights
  10 killer bees
  7 howler monkeys
  4 hounds
  5 jellies
  A bombardier beetle (D:5)
  9 orc priests
  A gnoll bouda (D:6)
  A sleepcap (D:6)
  3 iguanas
  16 orc wizards
  7 hell rats (Lair:5)
  16 gnolls
  6 adders
  3 shadow imps
  2 white imps (D:5)
  2 ufetubi (D:4)
  3 dart slugs
  A ribbon worm (D:2)
  68 orcs
  7 ball pythons
  4 bats
  8 endoplasms
  A giant cockroach (D:4)
  3 goblins
  9 hobgoblins
  3 frilled lizards
  25 kobolds
  2 rats
562 creatures vanquished.

Vanquished Creatures (collateral kills)
  A swamp worm (Swamp:1)
  An iguana (D:4)
  2 orc wizards
  An orc (D:3)
  A goblin (D:4)
6 creatures vanquished.

Vanquished Creatures (others)
  A bloated husk (Swamp:1)
  A gnoll (D:4)
  An orc (D:3)
3 creatures vanquished.

Grand Total: 571 creatures vanquished

Notes
Turn   | Place    | Note
-------+----------+-------------------------------------------
     0 | D:1      | whatisthis the Ghoul Gladiator began the quest for the Orb.
     0 | D:1      | Reached XP level 1. HP: 17/17 MP: 1/1
   237 | D:1      | Reached XP level 2. HP: 24/25 MP: 2/2
   266 | D:1      | Found a faded altar of an unknown god.
   792 | D:2      | Reached skill level 3 in Fighting
   861 | D:2      | Reached XP level 3. HP: 29/31 MP: 3/3
  1396 | D:3      | Reached XP level 4. HP: 29/40 MP: 4/4
  1687 | D:3      | HP: 1/40 [something/puff of flame (10)]
  1699 | D:3      | Reached skill level 4 in Fighting
  1825 | D:3      | Reached XP level 5. HP: 46/46 MP: 5/5
  2005 | D:3      | Reached skill level 5 in Unarmed Combat
  2473 | D:4      | Reached skill level 5 in Fighting
  2473 | D:4      | Reached skill level 1 in Armour
  2473 | D:4      | Reached XP level 6. HP: 56/56 MP: 6/6
  2516 | D:4      | Noticed a black bear
  2949 | D:4      | Noticed Grinder
  3031 | D:3      | Paralysed by Grinder for 2 turns
  3037 | D:3      | Killed Grinder
  3038 | D:3      | Reached XP level 7. HP: 48/62 MP: 7/7
  3132 | D:4      | Found a snail-covered altar of Cheibriados.
  3217 | D:4      | Found Xyzul's Jewellery Shoppe.
  3246 | D:4      | Found a hazy altar of Hepliaklqana.
  3408 | D:4      | Found a sparkling altar of Nemelex Xobeh.
  3440 | D:5      | Entered Level 5 of the Dungeon
  3460 | D:4      | Reached skill level 6 in Fighting
  3901 | D:4      | Reached XP level 8. HP: 71/71 MP: 8/8
  4205 | D:5      | Noticed Eustachio
  4223 | D:5      | Killed Eustachio
  4224 | D:5      | Reached skill level 7 in Fighting
  4780 | D:5      | Noticed Menkaure
  4927 | D:5      | Reached skill level 8 in Fighting
  5039 | D:5      | Got Sif Muna's Cyclopedia of Incinerated Compounds
  5042 | D:5      | Got the Grimoire of Topography
  5138 | D:6      | Found a burning altar of Makhleb.
  5140 | D:6      | Found an ancient bone altar of Kikubaaqudgha.
  5142 | D:6      | Found an iron altar of Okawaru.
  5437 | D:6      | Found a staircase to the Ecumenical Temple.
  5456 | Temple   | Entered the Ecumenical Temple
  5486 | Temple   | Became a worshipper of Ashenzari the Shackled
  5589 | D:6      | Reached XP level 9. HP: 73/82 MP: 9/9
  5591 | D:6      | Reached skill level 9 in Fighting
  6350 | D:7      | Reached skill level 10 in Fighting
  6709 | D:7      | Reached skill level 11 in Fighting
  7179 | D:7      | Reached skill level 12 in Fighting
  7179 | D:7      | Reached skill level 10 in Unarmed Combat
  7375 | D:7      | Noticed Maggie
  7375 | D:7      | Noticed Pikel
  7377 | D:7      | Maggie changed into Maggie the wyvern
  7377 | D:7      | Noticed Maggie
  7385 | D:7      | Killed Maggie the wyvern
  7386 | D:7      | Reached XP level 10. HP: 57/99 MP: 10/10
  7396 | D:7      | Killed Pikel
  7397 | D:7      | Reached skill level 13 in Fighting
  7768 | D:8      | Noticed Prince Ribbit
  7795 | D:8      | Killed Prince Ribbit
  8126 | D:8      | Noticed a two-headed ogre
  8138 | D:8      | Killed a two-headed ogre
  8139 | D:8      | Reached skill level 14 in Fighting
  8523 | D:8      | Noticed Gastronok
  8537 | D:8      | Killed Gastronok
  8538 | D:8      | Reached skill level 15 in Fighting
  8634 | D:8      | You are sucked into a shaft and drop 3 floors!
  8638 | D:10     | Entered Level 10 of the Dungeon
  8652 | D:10     | HP: 2/106 [troll (7)]
  8655 | D:10     | Reached XP level 11. HP: 3/113 MP: 11/11
  8960 | D:10     | Found a hide-covered altar of Uskayaw.
  8993 | D:10     | Reached skill level 5 in Armour
  9151 | D:10     | Reached skill level 16 in Fighting
  9409 | D:10     | Found a staircase to the Lair.
  9671 | D:9      | Found Veutyag's Antique Weapon Emporium.
  9988 | D:8      | Noticed Erica
  9998 | D:8      | Killed Erica
 10130 | D:8      | Found a shimmering blue altar of Sif Muna.
 10276 | D:9      | Found a staircase to the Orcish Mines.
 10669 | D:9      | Reached * piety under Ashenzari
 10738 | D:9      | Identified the +1 leather armour of Trumpets {Dex+4}
 10761 | D:9      | Found Jiwnoad's Armour Shoppe.
 11221 | D:11     | Reached XP level 12. HP: 114/124 MP: 12/12
 11283 | D:11     | Noticed a two-headed ogre
 11288 | D:11     | Killed a two-headed ogre
 11367 | D:11     | Noticed a two-headed ogre
 11377 | D:11     | Killed a two-headed ogre
 11755 | D:11     | Noticed Psyche
 11940 | Lair:1   | Entered Level 1 of the Lair of Beasts
 11958 | Lair:1   | Reached skill level 17 in Fighting
 12988 | Lair:2   | Found a gate leading to a gauntlet.
 12995 | Gauntlet | Entered a Gauntlet
 12995 | Gauntlet | Found a transporter.
 12998 | Gauntlet | Found a transporter.
 13000 | Gauntlet | Noticed a dire elephant
 13017 | Gauntlet | Found a transporter.
 13033 | Gauntlet | Found a transporter.
 13047 | Gauntlet | Found a transporter.
 13050 | Gauntlet | Found a transporter.
 13054 | Gauntlet | Found a transporter.
 13054 | Gauntlet | Identified the +1 pair of gloves "Pyukkuoq" {Str+5}
 13055 | Gauntlet | Found a transporter.
 13063 | Gauntlet | Noticed a death yak
 13064 | Gauntlet | Noticed a death yak
 13065 | Gauntlet | Noticed a death yak
 13067 | Gauntlet | Noticed a death yak
 13068 | Gauntlet | Noticed a death yak
 13079 | Gauntlet | Found a transporter.
 13087 | Gauntlet | Found a transporter.
 13087 | Gauntlet | Found a transporter.
 13087 | Gauntlet | Identified the +1 helmet of Good Intentions {*Corrode rC+
                  | Regen+ Str+3}
 13095 | Gauntlet | Found a transporter.
 13099 | Gauntlet | Noticed a ghost crab
 13112 | Gauntlet | Identified the +1 pair of boots of Foolhardiness {Dex+7}
 13195 | Gauntlet | Killed a ghost crab
 13260 | Gauntlet | Killed a death yak
 13265 | Gauntlet | Killed a death yak
 13281 | Gauntlet | Killed a death yak
 13297 | Gauntlet | Killed a death yak
 13300 | Gauntlet | Killed a death yak
 13301 | Gauntlet | HP: 4/127 [death yak simulacrum (12)]
 13574 | Gauntlet | Noticed a minotaur
 13574 | Gauntlet | Identified the +0 chain mail of Midot {rPois Int-5 Dex+4}
 13583 | Gauntlet | Killed a minotaur
 13584 | Gauntlet | Reached XP level 13. HP: 109/134 MP: 13/13
 13689 | Lair:2   | Reached skill level 15 in Unarmed Combat
 13934 | Lair:2   | Reached skill level 18 in Fighting
 13959 | Lair:2   | Identified the +3 long sword of Ekheosh {flame, Str+4}
 14230 | Lair:2   | Found a staircase to the Snake Pit.
 14402 | Lair:2   | Identified the +0 robe of Vaots {Str+2 Int-3 Dex+2}
 15069 | Lair:3   | Found a staircase to the Swamp.
 15094 | Lair:3   | Reached skill level 10 in Armour
 15903 | Lair:4   | Found a staircase to the Slime Pits.
 16414 | Lair:5   | Entered Level 5 of the Lair of Beasts
 16424 | Lair:4   | Reached XP level 14. HP: 126/144 MP: 14/14
 16568 | Lair:4   | Reached skill level 19 in Fighting
 17491 | Lair:5   | Reached ** piety under Ashenzari
 18291 | Lair:5   | Reached XP level 15. HP: 157/157 MP: 15/15
 18619 | Swamp:1  | Entered Level 1 of the Swamp
 18630 | Swamp:1  | Reached skill level 20 in Fighting
 18677 | Swamp:1  | Identified the +1 pair of gloves of Vlad {Harm Regen+
                  | Dex-5}
 18677 | Swamp:1  | Noticed Nikola
 18677 | Swamp:1  | Noticed a tentacled monstrosity
 18880 | Swamp:1  | HP: 5/158 [tentacled monstrosity (9)]
 18880 | Swamp:1  | Mangled by a goliath frog

Illustrated notes

Levels and vault maps discovered:
D:1:      dpeg_arrival_another_circle, layout_basic,
          hellmonk_ecumenical_altar_crossroads
D:2:      layout_basic
D:3:      layout_loops_cross
D:4:      layout_cave_pools, nemelex_diamond_rough_becter, chei_slow_surprise,
          nicolae_overflow_squiral, kennysheep_minor_cross,
          kennysheep_windowed_goal, uniq_grinder
D:5:      layout_cave_pools, serial_library,
          serial_library_hellmonk_reading_circle,
          serial_library_regret_index_small_wings,
          serial_library_hellmonk_metal_room,
          serial_library_hellmonk_recessed_alcove,
          serial_library_hellmonk_semicircle,
          serial_library_hellmonk_filled_rooms,
          serial_library_regret_index_headful, uniq_menkaure, uniq_eustachio
D:6:      layout_rooms, grunt_temple_overflow_open,
          minmay_temple_entry_offerings
D:7:      layout_basic, uniq_maggie, uniq_pikel
D:8:      layout_loops_corners, mainiacjoe_overflow_concentric_impassable,
          uniq_prince_ribbit1, uniq_erica, uniq_gastronok
D:9:      layout_big_octagon, hiddenorc2_lemuel, serial_shops, shop,
          nicolae_shop_hallway_plus
D:10:     layout_roguey, mainiacjoe_overflow_surrounded_room,
          erik_lair_orcish_takeover, statue_in_the_mist_lemuel,
          nicolae_the_louvre
D:11:     layout_basic, minmay_ruined_shrine, uniq_psyche
Temple:   nicolae_temple_figure_eight
Lair:1:   layout_cellular_growth
Lair:2:   layout_misc_corridors, minmay_snake_entry_guardpost_medium,
          gauntlet_entry_generic
Lair:3:   layout_roguey, mainiacjoe_swamp_entry_lozenge_pond, st_stairs_9,
          disabler_island
Lair:4:   layout_gridlike, slime_entry_1, chequers_serial_rivers_micro_e,
          minivault_27
Lair:5:   hangedman_lair_caniforms_friends, layout_small_grid,
          hangedman_lair_tendril_chambers
Swamp:1:  layout_basic_swamp, nicolae_swamp_small_spring, swamp_pool_4,
          uniq_nikola

Skill      XL: |  1  2  3  4  5  6  7  8  9 10 11 12 13 14 15 |
---------------+----------------------------------------------+-----
Fighting       | 3 4 5 6 8 12 15 16 17 18 19 20 | 20.0
Unarmed Combat | 4 5 6 8 10 12 13 14 16 17 | 17.6
Armour         | 1 2 3 4 7 9 10 12 | 12.1
Throwing       | 2 |  2.4
Dodging        | |  2.6

Action                     |  1- 3 |  4- 6 |  7- 9 | 10-12 | 13-15 || total
---------------------------+-------+-------+-------+-------+-------++-------
  Melee: Unarmed           |   106 |   144 |   404 |   519 |   714 ||  1887
         Punch             |     2 |     1 |    12 |    44 |    69 ||   128
  Throw: Dart              |       |     7 |    28 |    21 |       ||    56
         Throwing net      |       |     1 |       |     4 |       ||     5
         Boomerang         |       |       |       |     2 |     1 ||     3
 Invoke: Curse Item        |       |       |     1 |     1 |     1 ||     3
  Evoke: Wand              |       |     6 |     2 |       |     1 ||     9
         Box of beasts     |       |       |       |       |     1 ||     1
    Use: Scroll            |       |     5 |     6 |     3 |     2 ||    16
         Potion            |       |     1 |     1 |     4 |     2 ||     8
   Stab: Held in net/web   |       |     1 |       |       |       ||     1
         Distracted        |       |       |       |       |     1 ||     1
 Armour: Leather armour    |    34 |       |       |       |       ||    34
         Ring mail         |    25 |   137 |    72 |       |       ||   234
         Scale mail        |       |       |   234 |    48 |       ||   282
         Plate armour      |       |       |       |   384 |   685 ||  1069
  Dodge: Dodged            |    55 |    88 |   197 |   176 |   294 ||   810

Table legend: (Time is in decaauts)
 A = Elapsed time spent in this place.
 B = Non-inter-level travel time spent in this place.
 C = Inter-level travel time spent in this place.
 D = Time resting spent in this place.
 E = Time spent auto-exploring this place.
 F = Levels seen in this place.
 G = Mean time per level.
                   A        B        C        D        E       F      G
               +--------+--------+--------+--------+--------+-----+--------+
         Total |  18490 |  17777 |    713 |   2852 |   9821 |  19 |  973.2 |
       Dungeon |  11755 |  11367 |    388 |   1985 |   6114 |  11 | 1068.6 |
        Temple |     51 |     15 |     36 |      0 |      0 |   1 |   51.0 |
          Lair |   5991 |   5703 |    288 |    599 |   3483 |   5 | 1198.2 |
         Swamp |     42 |     42 |      0 |      0 |      0 |   1 |   42.0 |
      Gauntlet |    649 |    649 |      0 |    268 |    223 |   1 |  649.0 |
               +--------+--------+--------+--------+--------+-----+--------+

Top non-repeatable levels by time:
  Lair:5: 1870 daAuts
     D:7: 1697 daAuts
    D:10: 1485 daAuts
     D:3: 1360 daAuts
     D:4: 1278 daAuts
     D:8: 1257 daAuts
     D:5: 1129 daAuts
  Lair:4: 1060 daAuts
  Lair:3: 1036 daAuts
  Lair:2: 1020 daAuts
  Lair:1: 1003 daAuts
     D:6: 801 daAuts
     D:9: 756 daAuts
     D:2: 725 daAuts
Gauntlet: 649 daAuts
